 Dungeon Crawl Stone Soup version 0.27.1-4-g1640c2035a (webtiles) character file.

Game seed: 1101579141445372507

2 saltiestKirin the Sneak (level 1, 0/10 HPs)
             Began as a Felid Delver on Nov 3, 2021.
             Slain by a centaur skeleton (1 damage)
             ... on level 5 of the Dungeon.
             The game lasted 00:02:50 (172 turns).

saltiestKirin the Sneak (Felid Delver)               Turns: 172, Time: 00:02:50

Health: 0/10       AC:  1    Str:  8    XL:     1   Next: 25%
Magic:  2/2        EV: 17    Int: 11    God:
Gold:   14         SH:  0    Dex: 17    Spells: 0/0 levels left
                                        Lives:  0   Deaths: 0

rFire    . . .     SeeInvis +     - Unarmed
rCold    . . .     Faith    .   (shield unavailable)
rNeg     . . .     Spirit   .   (armour unavailable)
rPois    .         Reflect  .   (helmet unavailable)
rElec    .         Harm     .   (cloak unavailable)
rCorr    .         Rampage  .   (gloves unavailable)
Will     .....                  (boots unavailable)
Stlth    ++++......             (no amulet)
HPRegen  0.03/turn              f - ring of see invisible
MPRegen  0.08/turn              (no ring)

@: quick
A: very small, claws 1, fangs 3, see invisible, speed 1, shaggy fur 1, stealthy
paws, no weapons or thrown items, no armour, multi-lived
a: no special abilities


You were on level 5 of the Dungeon.
You visited 1 branch of the dungeon, and saw 1 of its levels.

You collected 14 gold pieces.

Inventory:

Jewellery
 f - a ring of see invisible (left paw)
Wands
 e - a wand of digging (3)
Scrolls
 a - a scroll of fog
 b - a scroll of magic mapping
 c - a scroll of fear
Potions
 d - a potion of haste
 g - a potion of invisibility {unknown}


   Skills:
 + Level 3.0 Fighting
 + Level 2.7 Dodging
 + Level 6.7 Stealth
 + Level 2.0 Unarmed Combat


You couldn't memorise any spells.
You didn't know any spells.
Your spell library was empty.

Dungeon Overview and Level Annotations

Branches:
Dungeon (5/15)
 Temple: D:4-7

Altars:

Annotations:
D:5 1 runed translucent door, y3s's ghost, novice MiBe


Innate Abilities, Weirdness & Mutations

You have sharp claws.
You have razor-sharp teeth.
You have supernaturally acute eyesight. (SInv)
You cover ground quickly. (Speed+)
You are covered in fur. (AC +1)
Your paws help you pounce on unaware monsters.
You are incapable of wielding weapons or throwing items.
You cannot wear armour.
You gain extra lives every three experience levels.


Message History

An orc comes into view. It is wielding a +0 dagger.
The helpless orc fails to defend itself.
You mangle the orc!!
You kill the orc!
Found a runed translucent door.
Found 6 poisoned darts.
You see here 27 arrows.
You see here 27 arrows.
Found 14 gold pieces and a cyan potion.
A centaur skeleton comes into view.
No target in view!
You now have 14 gold pieces.
Found a cabochon ring.
You see here a ring of see invisible.
f - a ring of see invisible
f - a ring of see invisible (left paw)
Found a stone staircase leading up.
g - a cyan potion You scratch the centaur skeleton.
You bite the centaur skeleton.
The centaur skeleton is moderately damaged.
The centaur skeleton barely misses you. The centaur skeleton kicks you.
You scratch the centaur skeleton but do no damage.
The centaur skeleton is moderately damaged.
The centaur skeleton misses you. The centaur skeleton kicks you.
You scratch the centaur skeleton.
The centaur skeleton is moderately damaged.
The centaur skeleton closely misses you.
The centaur skeleton kicks you.
The centaur skeleton barely misses you. x2
You are too injured to fight recklessly!
You scratch the centaur skeleton but do no damage.
The centaur skeleton is moderately damaged.
The centaur skeleton hits you.
* * * LOW HITPOINT WARNING * * *
The centaur skeleton misses you.
Unknown command.
Okay, then.
You drop a scroll of fog.
The centaur skeleton misses you. x2
a - a scroll of fog The centaur skeleton hits you.
You die...

#...# #.#....#
###[.######.#.###########
#...>.....#.............#
#########.#..#.########.###
#...#.#.#.....#.........#
#.#...#.#.##..#.#########
#.###.#.#.....#.#
######.###.#.#.#####.#
<......#...#...Z@..#.####
########.#####.###.#....#
#.#####.# #.####.#
#.......# #.# #.#
###########.# #.# #......#
#.# #.#########.#
#...........# #.####.####.#


You could see a centaur skeleton.

Vanquished Creatures
  An orc (D:5)
1 creature vanquished.

Notes
Turn   | Place    | Note
-------+----------+-------------------------------------------
     0 | D:5      | saltiestKirin the Felid Delver began the quest for the Orb.
     0 | D:5      | Reached XP level 1. HP: 10/10 MP: 2/2
    14 | D:5      | Found a runed translucent door.
    18 | D:5      | Noticed y3s's ghost (novice MiBe)
   172 | D:5      | Slain by a centaur skeleton

Illustrated notes

Levels and vault maps discovered:
D:5:      layout_basic, mainiacjoe_overflow_concentric_impassable,
          ebering_ghost_sewer_f

Action                   || total
-------------------------++-------
Melee: Unarmed           ||     5
       Bite              ||     1
 Stab: Sleeping          ||     1
Dodge: Dodged            ||     8
